Map: Kairos Junction LE

Players

ExpecT

  • Race: Terran Terran
  • Spawn Location: 11:00

Scarlett - Winner!

  • Race: Zerg Zerg
  • Spawn Location: 5:00

Event: 2019 WCS Winter Americas

VOD

Have the link to the VOD?

Description

Time

  • Played on: Feb. 1, 2019, 2:46 p.m.
  • Length: 8:26

All games in this series

Show
View Real Time Build Order
Export as new Build Order

ExpecT Terran 

Build Orders: Gas First Reaper Expand 

Get SALT Encoding   

  12  0:01  SCV  
  13  0:13  SCV  
  14  0:17  Supply Depot  
  14  0:25  SCV  
  15  0:28  Refinery  
  15  0:39  SCV  
  16  0:44  Barracks  
  16  0:51  SCV  
  17  1:03  SCV  
  18  1:15  SCV  
  19  1:31  Orbital Command  
  19  1:32  Reaper  
  20  1:42  Command Center  
  20  1:54  Factory  
  20  1:57  SCV  
  21  2:07  Barracks Reactor  
  21  2:09  Refinery, SCV  
  22  2:15  Supply Depot  
  22  2:21  SCV  
  23  2:37  SCV  
  23  2:40  Starport  
  24  2:49  SCV  
  25  2:55  Orbital Command  
  25  2:57  Hellion  
  27  2:58  Barracks Tech Lab  
  27  3:00  Hellion  
  27  3:01  SCV  
  30  3:13  SCV  
  30  3:18  Hellion  
  33  3:21  Hellion  
  33  3:23  SCV  
  33  3:25  Banshee, SCV  
  40  3:33  Marine  
  41  3:34  Supply Depot  
  41  3:40  SCV x2  
  43  3:52  Marine, SCV x2  
  46  3:57  Supply Depot  
  46  4:04  SCV x2  
  46  4:09  Banshee, Command Center  
  51  4:16  SCV  
  51  4:17  Barracks Tech Lab  
  52  4:19  SCV  
  53  4:28  SCV  
  53  4:29  Barracks  
  54  4:32  Factory Reactor  
  54  4:34  SCV  
  54  4:35  Barracks  
  55  4:40  Marine, SCV, Stimpack  
  55  4:45  Supply Depot  
  57  4:51  Engineering Bay x2  
  57  4:53  SCV x2  
  59  5:01  Marine  
  59  5:03  Starport Reactor  
  59  5:05  SCV  
  59  5:06  SCV  
  62  5:14  Refinery  
  62  5:15  Refinery  
  62  5:19  Marine  
  62  5:21  Terran Infantry Armor Level 1, SCV x2, Terran Infantry Weapons Level 1  
  63  5:24  Orbital Command  
  63  5:26  Barracks  
  63  5:28  Barracks  
  65  5:32  Marine x4  
  65  5:34  SCV x2  
  71  5:37  Marine  
  72  5:47  Medivac x2  
  72  5:48  Siege Tank  
  79  5:51  Supply Depot  
  79  5:52  SCV  
  79  5:53  Orbital Command  
  80  5:57  Marine x3, Supply Depot  
  80  5:58  Marine x2  
  85  6:13  SCV x2  
  84  6:19  Barracks Reactor x2  
  84  6:23  Marine x5  
  84  6:25  SCV x3  
  92  6:28  Supply Depot  
  92  6:31  Supply Depot  
  92  6:37  SCV x3  
  95  6:40  Marine  
  95  6:41  Marine x4, Armory  
  100  6:49  SCV  
  100  6:50  SCV x2, Medivac x2  
  107  6:58  Marine x2  
  107  6:59  Marine x3  
  116  7:01  SCV  
  116  7:02  SCV  
  116  7:05  Liberator, Supply Depot  
  116  7:06  Combat Shield, Siege Tank  
  116  7:07  Marine x2, SCV, Supply Depot  
  119  7:12  Marine x2  
  111  7:16  Marine x3  
  111  7:18  Marine x2  
  109  7:25  Marine x2  
  110  7:32  Marine x2  
  111  7:38  Siege Tank  
  111  7:42  Marine x2  
  109  7:45  Supply Depot x2  
  109  7:48  Marine x2  
  111  8:01  Marine x5  
  111  8:03  Marine x2  
  90  8:06  Marine x2  
Show
View Real Time Build Order
Export as new Build Order

Scarlett Zerg - Winner!

Build Orders: Hatch First 

Get SALT Encoding   

  12  0:00  Drone  
  13  0:12  Overlord  
  13  0:17  Drone  
  14  0:30  Drone x2  
  16  0:48  Hatchery  
  15  0:51  Drone  
  15  0:54  Drone  
  17  0:57  Drone  
  18  1:08  Extractor  
  17  1:12  Spawning Pool  
  17  1:15  Drone  
  17  1:20  Drone  
  18  1:27  Drone  
  19  1:38  Drone  
  20  1:50  Drone  
  21  2:00  Queen  
  23  2:01  Zergling x2  
  23  2:02  Zergling x2  
  23  2:05  Hatchery  
  24  2:14  Queen  
  26  2:21  Overlord  
  26  2:23  Drone  
  26  2:25  Drone  
  28  2:30  Metabolic Boost  
  28  2:34  Extractor  
  27  2:41  Drone  
  27  2:42  Drone x2  
  31  2:55  Drone, Overlord  
  31  2:57  Drone x2  
  34  2:59  Queen  
  36  3:14  Drone x4  
  36  3:19  Queen  
  42  3:20  Overlord  
  42  3:26  Zergling x4  
  44  3:27  Drone x2  
  44  3:32  Queen  
  48  3:38  Queen  
  51  3:41  Drone  
  51  3:42  Drone  
  51  3:43  Drone  
  51  3:47  Overlord  
  53  3:51  Zergling x4  
  55  4:00  Drone x3  
  58  4:04  Overlord  
  58  4:07  Queen  
  60  4:14  Drone x6  
  66  4:21  Overlord  
  66  4:24  Queen  
  66  4:29  Queen  
  70  4:31  Overlord  
  70  4:32  Drone x3  
  73  4:40  Drone x4  
  77  4:46  Lair  
  77  4:49  Roach Warren  
  77  4:50  Drone x2  
  77  4:51  Evolution Chamber  
  77  4:52  Drone  
  78  4:53  Drone  
  78  4:54  Drone  
  78  4:55  Drone  
  78  4:58  Spore Crawler  
  80  5:00  Spore Crawler  
  80  5:02  Drone  
  80  5:03  Drone, Spore Crawler  
  80  5:10  Drone x4, Extractor  
  80  5:11  Extractor  
  80  5:13  Extractor  
  81  5:17  Extractor  
  80  5:26  Zerg Ground Armor Level 1  
  80  5:28  Drone x8  
  88  5:35  Overlord x2  
  88  5:36  Zergling x4  
  90  5:43  Overlord x2, Glial Reconstitution  
  90  5:52  Overseer  
  90  5:54  Roach x8  
  106  6:05  Roach x5  
  106  6:10  Roach  
  118  6:20  Overlord x5  
  118  6:26  Roach  
  118  6:27  Roach  
  118  6:32  Overlord  
  122  6:38  Overlord  
  122  6:39  Roach x6  
  136  6:40  Roach  
  136  6:41  Hatchery  
  136  6:43  Roach  
  136  6:44  Roach  
  139  6:47  Ravager x3  
  139  6:48  Ravager  
  139  6:50  Drone x2  
  139  6:53  Extractor  
  144  6:55  Drone x2  
  144  6:58  Overseer  
  146  7:02  Roach  
  146  7:03  Roach x4  
  154  7:13  Roach x8  
  164  7:19  Roach x2  
  164  7:22  Roach  
  162  7:29  Overseer  
  158  7:30  Roach x4  
  164  7:41  Overseer  
  164  7:48  Drone x7  
  171  7:53  Evolution Chamber  
  170  8:03  Roach x5  
Tags
 
Add a new tag
Caveats
  • Supply blocks, unpowered buildings, or Contaminate may cause inaccurate times.
  • Supply counts are checked every 10 seconds.